 Dungeon Crawl Stone Soup version 0.24.1-1-gd1d2a07e1b (webtiles) character file.

Game seed: 2611396564197538175, levelgen mode: deterministic

21098 Frank2 the Basher (level 12, 0/96 HPs)
             Began as a Demonspawn Gladiator on Apr 10, 2020.
             Was an Elder of Makhleb.
             Slain by a sun demon (6 damage)
             ... summoned by an orc high priest
             ... on level 1 of the Orcish Mines.
             The game lasted 00:20:14 (12651 turns).

Frank2 the Basher (Demonspawn Gladiator)           Turns: 12651, Time: 00:20:14

Health: 0/96       AC: 12    Str: 18    XL:     12   Next: 51%
Magic:  12/12      EV: 17    Int: 10    God:    Makhleb [****..]
Gold:   782        SH:  0    Dex: 20    Spells: 11/11 levels left

rFire    . . .     SeeInvis .   p - +3 flail (drain)
rCold    . . .     Gourm    .   (no shield)
rNeg     . . .     Faith    +   t - +0 ring mail
rPois    +         Spirit   .   c - +1 helmet
rElec    .         Reflect  .   e - +0 cloak
rCorr    .         Harm     .   (no gloves)
MR       .....                  o - +1 pair of boots
Stlth    +.........             x - amulet of faith
HPRegen  4.26/turn              m - +4 ring of strength
MPRegen  0.13/turn              A - ring of poison resistance

@: lightly drained
A: talons 2, powered by death 3, spiny 1
a: Minor Destruction, Lesser Servant of Makhleb, Major Destruction, Renounce
Religion


You were on level 1 of the Orcish Mines.
You worshipped Makhleb.
Makhleb was greatly pleased with you.
You were not hungry.

You visited 4 branches of the dungeon, and saw 16 of its levels.

You collected 992 gold pieces.
You spent 210 gold pieces at shops.

Inventory:

Hand Weapons
 p - a +3 flail of draining (weapon)
Armour
 c - a +1 helmet (worn)
 e - a +0 cloak (worn)
 o - a +1 pair of boots (worn)
 t - a +0 ring mail (worn)
Jewellery
 a - an uncursed ring of protection from magic {unknown}
 m - a +4 ring of strength (left hand)
 x - an amulet of faith (around neck)
 A - a ring of poison resistance (right hand)
 H - an uncursed ring of resist corrosion
Wands
 q - a wand of enslavement (10)
 w - a wand of flame (19)
Scrolls
 b - 2 scrolls of fog
 h - 11 scrolls of remove curse
 j - 2 scrolls of identify
 l - 5 scrolls of teleportation
 u - a scroll of enchant armour
 v - 2 scrolls of enchant weapon
 y - a scroll of summoning {unknown}
 z - a scroll of blinking
 B - a scroll of magic mapping
Potions
 d - a potion of mutation
 g - a potion of might
 i - a potion of ambrosia
 k - 5 potions of curing
 n - 3 potions of agility
 r - a potion of invisibility
 s - a potion of flight
 C - 2 potions of lignification
 F - a potion of cancellation
Comestibles
 f - 38 rations


   Skills:
 + Level 9.4(9.1) Fighting
 + Level 13.5(13.1) Maces & Flails
 - Level 1.7(1.4) Throwing
 + Level 7.7(7.4) Armour
 + Level 8.2(7.8) Dodging


You had 11 spell levels left.
You didn't know any spells.
Your spell library contained the following spells:

 Spells                   Type           Power        Failure   Level  Hunger
 Confusing Touch          Hex            #.....       52%         1    ##.....
 Shock                    Conj/Air       #...         52%         1    ##.....
 Corpse Rot               Necr           N/A          67%         2    ###....
 Swiftness                Chrm/Air       #.......     67%         2    ###....
 Confuse                  Hex            #.......     88%         3    ####...
 Gell's Gravitas          Tloc           #.........   88%         3    ####...
 Recall                   Summ/Tloc      N/A          88%         3    ####...
 Static Discharge         Conj/Air       #.......     88%         3    ####...
 Stone Arrow              Conj/Erth      #.....       88%         3    ####...
 Airstrike                Air            #.........   99%         4    #####..
 Animate Dead             Necr           N/A          99%         4    #####..
 Leda's Liquefaction      Hex/Erth       #.........   99%         4    #####..
 Petrify                  Tmut/Erth      #.......     99%         4    #####..
 Borgnjor's Vile Clutch   Necr/Erth      #.........   100%        5    ######.
 Lightning Bolt           Conj/Air       #.........   100%        5    ######.
 Metabolic Englaciation   Hex/Ice        #.........   100%        5    ######.
 Summon Forest            Summ/Tloc      #.........   100%        5    ######.
 Yara's Violent Unravell  Hex/Tmut       #.........   100%        5    ######.
 Death Channel            Necr           #.........   100%        6    #######
 Hydra Form               Tmut           #.........   100%        6    #######
 Simulacrum               Ice/Necr       #.........   100%        6    #######
 Summon Hydra             Summ           #.........   100%        7    #######


Dungeon Overview and Level Annotations

Branches:
Dungeon (10/15)            Temple (1/1) D:6            Lair (4/6) D:10
 Shoals (0/4) Lair:3       Spider (0/4) Lair:3          Orc (1/2) D:9

Altars:
Ashenzari
Cheibriados
Dithmenos
Elyvilon
Fedhas
Gozag
Hepliaklqana
Kikubaaqudgha
Makhleb
Nemelex Xobeh
Okawaru
Qazlal
Ru
Sif Muna
Trog
Uskayaw
Vehumet
Wu Jian
Xom
Yredelemnul
Zin
The Shining One

Shops:
D:7 !

Portals:
Trove: D:10 (give +4 fire dragon scales)

Annotations:
Lair:4 3 runed translucent doors, Lutiheq's ghost, journeyman DrTm


Innate Abilities, Weirdness & Mutations

You have razor-sharp toenails.
You regenerate a lot of health from kills.
You are partially covered in sharp spines.


Message History

An orc warrior comes into view. It is wielding a +0 scimitar.
The orc high priest is struck by your spines.
The orc high priest hits you with a +0 war axe.
* * * LOW HITPOINT WARNING * * *
You feel much better. The sun demon hits you!
You are engulfed in flames!
* * * LOW HITPOINT WARNING * * *
The soul eater draws from the surrounding life force!
* * * LOW HITPOINT WARNING * * *
The ice devil is struck by your spines. The ice devil completely misses you.
The sun demon completely misses you.
You sock the orc high priest! You drain the orc high priest.
The orc high priest is almost dead.
The soul eater hits you.
* * * LOW HITPOINT WARNING * * *
The ice devil hits you but does no damage.
The orc high priest closely misses you.
You closely miss the orc high priest.
The orc high priest is almost dead.
The sun demon hits you.
You die...

###. ##......
####.........
##..#......... #......
...... ##...###....#
##...........#.
###o..##.........
#o.o@..#...###..#
.....o334##...#.....
#.....#.....#.....#..
#......#....##...##...
#........#............
...#....###.........#
...>.....#.....#....#
.#...#. #.#.....#...#
..##..#....###


You could see a soul eater, an orc high priest, a sun demon, an ice devil, an
orc warrior, an orc priest and an orc.

Vanquished Creatures
  A hydra (Lair:2)
  2 two-headed ogres (D:10)
  The ghost of releu the Spear-Bearer, a novice MfMo of Yredelemnul (D:7)
  2 ugly things
  A manticore (Lair:3)
  A black mamba (Lair:2)
  8 spiny frogs
  4 komodo dragons
  A rime drake (Lair:4)
  A queen bee (D:7)
  A polar bear (Lair:4)
  2 trolls
  5 hippogriffs
  A blink frog (Lair:2)
  3 hogs (D:10)
  14 yaks
  A human (D:10)
  A hungry ghost (D:10)
  2 vampire mosquitoes (Lair:3)
  4 wargs (D:9)
  A steam dragon (D:10)
  4 insubstantial wisps (Lair:3)
  4 water moccasins
  9 porcupines
  6 orc warriors
  8 ice beasts
  A black bear (Lair:1)
  A necrophage (D:5)
  2 sky beasts (D:9)
  4 wolves (Lair:4)
  5 ogres
  2 centaurs
  A crocodile (Lair:3)
  Blork the orc (D:5)
  A big kobold (D:10)
  15 bullfrogs
  5 scorpions
  17 killer bees
  7 wights
  An electric eel (Lair:4)
  3 howler monkeys
  A crimson imp (D:2)
  2 bullfrog zombies (D:6)
  2 centaur zombies
  4 hounds
  3 quasits
  2 jellies
  8 orc priests
  7 orc wizards
  7 worker ants
  3 hound skeletons
  A howler monkey skeleton (D:6)
  9 adders
  2 river rats (D:6)
  A shadow imp (D:9)
  2 oozes
  2 adder zombies (D:6)
  7 worms
  2 dart slugs (D:2)
  8 leopard geckos
  44 orcs
  5 giant cockroaches
  5 goblins
  7 hobgoblins
  17 jackals
  4 quokkas
  A ball python (D:2)
  A ball python zombie (D:6)
  12 bats
  8 frilled lizards
  A giant cockroach zombie (D:6)
  8 kobolds
  A leopard gecko skeleton (D:4)
  A leopard gecko zombie (D:5)
  A quokka zombie (D:5)
  13 rats
356 creatures vanquished.

Vanquished Creatures (others)
  2 plants (Lair:4)
2 creatures vanquished.

Grand Total: 358 creatures vanquished

Notes
Turn   | Place    | Note
-------+----------+-------------------------------------------
     0 | D:1      | Frank2 the Demonspawn Gladiator began the quest for the
                  | Orb.
     0 | D:1      | Reached XP level 1. HP: 16/16 MP: 1/1
   156 | D:1      | Reached skill level 3 in Maces & Flails
   156 | D:1      | Gained mutation: You regenerate a little health from kills.
                  | [demonic ancestry]
   156 | D:1      | Reached XP level 2. HP: 7/22 MP: 2/2
   595 | D:1      | Gained mutation: You regenerate health from kills. [demonic
                  | ancestry]
   595 | D:1      | Reached XP level 3. HP: 24/27 MP: 3/3
   876 | D:2      | Reached skill level 1 in Armour
   958 | D:2      | Gained mutation: You regenerate a lot of health from kills.
                  | [demonic ancestry]
   958 | D:2      | Reached XP level 4. HP: 30/33 MP: 4/4
  1500 | D:3      | Found an ornate altar of the Wu Jian Council.
  1699 | D:3      | Reached skill level 4 in Maces & Flails
  1699 | D:3      | Gained mutation: You have sharp toenails. [demonic
                  | ancestry]
  1699 | D:3      | Reached XP level 5. HP: 39/39 MP: 5/5
  2264 | D:3      | Found a snail-covered altar of Cheibriados.
  2342 | D:4      | Found a sparkling altar of Nemelex Xobeh.
  2369 | D:4      | Reached XP level 6. HP: 41/46 MP: 6/6
  2628 | D:4      | Found an iron altar of Okawaru.
  2637 | D:4      | Reached skill level 5 in Maces & Flails
  2721 | D:4      | You fall into a shaft and drop 2 floors!
  2733 | D:5      | Entered Level 5 of the Dungeon
  2733 | D:5      | Noticed an ice beast
  2746 | D:5      | Killed an ice beast
  2746 | D:5      | Reached XP level 7. HP: 43/52 MP: 7/7
  3119 | D:5      | Reached skill level 6 in Maces & Flails
  3222 | D:5      | Noticed Blork the orc
  3236 | D:5      | Killed Blork the orc
  3307 | D:5      | Noticed a hippogriff
  3321 | D:5      | Killed a hippogriff
  3321 | D:5      | Reached XP level 8. HP: 56/60 MP: 8/8
  3322 | D:5      | Got a polished chain mail
  3351 | D:5      | Identified the +6 chain mail of Rusorph {*Drain rElec Str+8
                  | Slay-6} (You found it on level 5 of the Dungeon)
  3464 | D:6      | Reached skill level 7 in Maces & Flails
  3811 | D:6      | Found a staircase to the Ecumenical Temple.
  3855 | D:6      | Reached skill level 8 in Maces & Flails
  3865 | D:6      | Reached skill level 5 in Dodging
  3865 | D:6      | Gained mutation: You have razor-sharp toenails. [demonic
                  | ancestry]
  3865 | D:6      | Reached XP level 9. HP: 53/67 MP: 9/9
  4152 | Temple   | Entered the Ecumenical Temple
  4413 | Temple   | Became a worshipper of Makhleb the Destroyer
  4505 | D:7      | Reached skill level 5 in Fighting
  4684 | D:7      | Found Woul's Distillery.
  4723 | D:7      | Noticed releu's ghost (novice MfMo)
  4729 | D:7      | Found a transporter.
  4731 | D:7      | Found a transporter.
  4894 | D:7      | Reached skill level 5 in Armour
  4920 | D:7      | Bought a potion of heal wounds for 70 gold pieces
  4920 | D:7      | Bought 2 potions of heal wounds for 140 gold pieces
  5301 | D:8      | Reached skill level 9 in Maces & Flails
  5740 | D:8      | Found a shimmering blue altar of Sif Muna.
  5744 | D:8      | Found a blossoming altar of Fedhas.
  5749 | D:8      | Found a stormy altar of Qazlal.
  5790 | D:8      | Noticed a cyan ugly thing
  5803 | D:8      | Killed a cyan ugly thing
  6316 | D:9      | Noticed a red ugly thing
  6410 | D:9      | Reached * piety under Makhleb
  6514 | D:9      | Reached XP level 10. HP: 54/76 MP: 10/10
  6690 | D:9      | Reached skill level 10 in Maces & Flails
  6850 | D:9      | Reached ** piety under Makhleb
  6970 | D:9      | Killed a red ugly thing
  7381 | D:9      | Found a staircase to the Orcish Mines.
  7437 | D:10     | Entered Level 10 of the Dungeon
  7444 | D:10     | Found a staircase to the Lair.
  7596 | D:10     | Reached skill level 11 in Maces & Flails
  7905 | D:10     | Gained mutation: You are partially covered in sharp spines.
                  | [demonic ancestry]
  7905 | D:10     | Reached XP level 11. HP: 84/84 MP: 11/11
  7920 | D:10     | Noticed a two-headed ogre
  7920 | D:10     | Reached *** piety under Makhleb
  7928 | D:10     | Killed a two-headed ogre
  8104 | D:10     | Noticed a two-headed ogre
  8111 | D:10     | Killed a two-headed ogre
  8148 | D:10     | Found an ancient bone altar of Kikubaaqudgha.
  8256 | D:10     | Found a portal to a secret trove of treasure.
  8497 | Lair:1   | Entered Level 1 of the Lair of Beasts
  8646 | Lair:1   | Reached skill level 12 in Maces & Flails
  8776 | Lair:1   | Identified the cursed +1 falchion "Frank2's Curse" {freeze,
                  | +Blink} (You found it on level 1 of the Lair of Beasts)
  9444 | Lair:2   | Noticed a five-headed hydra
  9455 | Lair:2   | Killed a five-headed hydra
 10477 | Lair:3   | Found a staircase to the Shoals.
 10488 | Lair:3   | Reached XP level 12. HP: 48/94 MP: 12/12
 10662 | Lair:3   | Found a hole to the Spider Nest.
 11114 | Lair:3   | Reached skill level 13 in Maces & Flails
 11436 | Lair:4   | Reached **** piety under Makhleb
 11467 | Lair:4   | Found a runed translucent gate.
 11467 | Lair:4   | Found a runed translucent gate.
 11467 | Lair:4   | Found a runed translucent gate.
 11468 | Lair:4   | Noticed a 14-headed hydra
 11468 | Lair:4   | Noticed a 13-headed hydra
 11468 | Lair:4   | Noticed Lutiheq's ghost (journeyman DrTm)
 12432 | D:7      | Killed releu's ghost
 12526 | Orc:1    | Entered Level 1 of the Orcish Mines
 12633 | Orc:1    | Noticed an orc high priest
 12649 | Orc:1    | HP: 1/96 [soul eater/drain life[an orc high priest] (18)]
 12651 | Orc:1    | Slain by a sun demon

Levels and vault maps discovered:
D:1:      roderic_chinese_lattice_arrival, layout_loops_ring,
          skrybe_limestone_x, hangedman_decor_clover_reticule,
          hangedman_glass_teeth
D:2:      layout_basic, minmay_bisected
D:3:      layout_loops_ring, lemuel_round_altar, marbit_many_paths
D:4:      layout_loops_ring, nemelex_xobeh_ov_fountains_minmay, first_ration,
          okawaru_trees_1
D:5:      layout_rooms, uniq_blork_the_orc
D:6:      layout_cave_pools, temple_hall, serial_undead, serial_undead_f,
          serial_undead_b, serial_undead_e, serial_undead_c,
          lightli_sewer_entry_pipes
D:7:      layout_basic, serial_shops, nicolae_shop_window_shopping,
          gammafunk_ghost_hive
D:8:      layout_layer_cave, minmay_overflow_temple_star_quad
D:9:      layout_basic, minmay_orc_entry_guard_dogs
D:10:     layout_stronghold, lair_entry_dummy, nicolae_trove_entry_columns,
          basic_altar, grunt_livestock,
          hangedman_abyss_or_decor_jellyfish_corner
Temple:   eino_temple_scatter_basement
Lair:1:   layout_hall_layers, minivault_25
Lair:2:   layout_layer_cave, beast_lair_carwin_11
Lair:3:   layout_cave_pods, minmay_shoals_entry_beasts, dummy_spider_entry, pond
Lair:4:   layout_gridlike, gammafunk_ghost_hydra_chop,
          chequers_serial_rivers_micro_a, serial_bayou_shore_a,
          lemuel_fruit_tree, lemuel_fruit_fields
Orc:1:    layout_diamond_mine, basic_altar, nooodl_orcs_dogs, uniq_snorg,
          uniq_fannar

Skill      XL: |  1  2  3  4  5  6  7  8  9 10 11 12 |
---------------+-------------------------------------+-----
Maces & Flails | 3 4 5 6 8 9 11 12 13 | 13.5
Dodging        | 3 4 5 6 7 8 |  8.2
Armour         | 1 2 3 4 5 6 7 |  7.7
Fighting       | 3 4 6 7 8 9 |  9.4
Throwing       | |  1.7

Action                   |  1- 3 |  4- 6 |  7- 9 | 10-12 || total
-------------------------+-------+-------+-------+-------++-------
Melee: Flail             |   137 |   203 |   446 |   624 ||  1410
Throw: Throwing net      |       |     3 |     2 |       ||     5
Evoke: Wand              |       |       |     1 |       ||     1
  Use: Scroll            |       |    11 |     7 |    14 ||    32
       Potion            |       |     1 |     3 |     5 ||     9
 Stab: Held in net/web   |       |     1 |       |       ||     1
  Eat: Chunk             |       |     6 |     3 |    19 ||    28
       Ration            |       |       |     3 |     1 ||     4
Armor: Leather armour    |    36 |       |       |       ||    36
       Ring mail         |    45 |   100 |   204 |   210 ||   559
Dodge: Dodged            |   164 |   167 |   395 |   477 ||  1203
